 Dungeon Crawl Stone Soup version 0.23.2-40-g277498a001 (webtiles) character file.

Game seed: 11775263217092810372

48 BigDickFurry666 the Scratcher (level 3, -1/16 HPs)
             Began as a Felid Skald on Aug 18, 2019.
             Slain by a worm (5 damage)
             ... on level 2 of the Dungeon.
             The game lasted 00:21:16 (863 turns).

BigDickFurry666 the Scratcher (Felid Skald)          Turns: 863, Time: 00:21:16

Health: -1/16      AC:  1    Str:  7    XL:     3   Next: 50%
Magic:  1/7        EV: 18    Int: 14    God:
Gold:   111        SH:  0    Dex: 16    Spells: 2/6 levels left
                                        Lives:  0   Deaths: 0

rFire    . . .     SeeInvis +     - Unarmed
rCold    . . .     Gourm    .   (shield unavailable)
rNeg     . . .     Faith    .   (armour unavailable)
rPois    .         Spirit   .   (helmet unavailable)
rElec    .         Reflect  .   (cloak unavailable)
rCorr    .         Harm     .   (gloves unavailable)
MR       .....                  (boots unavailable)
Stlth    ++........             (no amulet)
HPRegen  0.05/turn              (no ring)
MPRegen  0.10/turn              (no ring)

@: infused (expiring), very slightly contaminated, quick
A: very small, no armour, no weapons or thrown items, stealth, claws 1, fangs 3,
see invisible, carnivore, speed 1, shaggy fur 1, slow metabolism 1, sharp paws
a: no special abilities


You were on level 2 of the Dungeon.
You were very full.

You visited 1 branch of the dungeon, and saw 2 of its levels.

You collected 111 gold pieces.

Inventory:

Hand Weapons
 d - a +0 club
 f - a +0 short sword
 j - a +0 dagger
 l - a +0 club
 n - a +0 club
 s - a cursed -2 club
Missiles
 h - 15 stones
 k - 22 poisoned needles
 x - 4 needles of confusion
 y - 18 arrows
Armour
 g - a +0 leather armour
 i - a +0 ring mail
 m - a +0 robe
 o - a +1 ring mail of fire resistance
 t - a +2 cloak
 w - a +0 robe
 A - a +2 hat
Jewellery
 v - a cursed ring of attention {unknown}
Scrolls
 a - 3 scrolls of identify {unknown}
 p - a scroll of remove curse {unknown}
 q - a scroll of teleportation {unknown}
 r - 2 scrolls of immolation {unknown}
Potions
 e - a potion of cancellation {unknown}
 u - a potion of lignification {unknown}
 z - a potion of mutation {unknown}
Comestibles
 b - 3 rations
 c - 5 chunks of flesh


   Skills:
 - Level 2.0 Fighting
 - Level 3.2 Dodging
 + Level 4.0 Unarmed Combat
 - Level 2.0 Spellcasting
 - Level 3.6 Charms


You had 2 spell levels left.
You knew the following spells:

 Your Spells              Type           Power        Failure   Level  Hunger
a - Infusion              Chrm           ##..         5%          1    ##.....
b - Regeneration          Chrm/Necr      #.........   34%         3    ####...

Your spell library contained the following spells:

 Spells                   Type           Power        Failure   Level  Hunger
 Song of Slaying          Chrm           ##......     9%          2    ###....
 Shroud of Golubria       Chrm/Tloc      #.........   17%         2    ###....
 Spectral Weapon          Hex/Chrm       Unusable     N/A         3    N/A

Dungeon Overview and Level Annotations

Branches:
Dungeon (2/15)

Altars:


Innate Abilities, Weirdness & Mutations

You cannot wear armour.
You are incapable of wielding weapons or throwing items.
Your paws allow you to move quietly. (Stealth)
You have sharp claws.
You have razor-sharp teeth.
You have supernaturally acute eyesight. (SInv)
You are carnivorous and can eat meat at any time.
You cover ground quickly.
You are covered in fur. (AC +1)
You have a slow metabolism.
Your sharp claws are effective at attacking unaware monsters.


Message History

You begin infusing your attacks with magical energy.
You scratch the worm.
The worm is moderately wounded.
The worm completely misses you.
You scratch the worm.
The worm is moderately wounded.
You scratch the worm.
The worm is severely wounded.
The worm misses you.
You scratch the worm.
The worm is severely wounded.
You scratch the worm.
The worm is almost dead.
The worm bites you.
* * * LOW HITPOINT WARNING * * *
You scratch the worm but do no damage.
The worm is severely wounded.
Your magical infusion is running out.
The worm bites you.
You die...

# #! #.#..#.## #.#.
#.#...... #.#.####.#....$.
#..............(
#..........$....
#...............
#...............
#........w###.##
#.......@.....# .
#........#.###### ..
########.#......##.#
#.#......... #.##.....##
######.##.....#######
####.......#...........#
#..........#...........###
#.........................


You could see a worm.

Vanquished Creatures
  An adder (D:2)
  An ooze (D:2)
  2 dart slugs
  A leopard gecko (D:2)
  4 bats (D:1)
  A giant cockroach (D:1)
  8 goblins
  2 hobgoblins (D:1)
  2 kobolds (D:1)
  A quokka (D:2)
  A ball python (D:1)
  3 rats (D:1)
27 creatures vanquished.

Notes
Turn   | Place    | Note
-------+----------+-------------------------------------------
     0 | D:1      | BigDickFurry666 the Felid Skald began the quest for the
                  | Orb.
     0 | D:1      | Reached XP level 1. HP: 9/9 MP: 4/4
   185 | D:1      | Reached XP level 2. HP: 13/13 MP: 1/6
   268 | D:1      | Reached skill level 3 in Unarmed Combat
   649 | D:2      | Reached XP level 3. HP: 16/16 MP: 7/7
   796 | D:2      | Reached skill level 4 in Unarmed Combat
   818 | D:2      | Learned a level 3 spell: Regeneration
   863 | D:2      | Slain by a worm

Skill      XL: |  1  2  3 |
---------------+----------+-----
Unarmed Combat | 3 4 |  4.0
Fighting       | |  2.0
Dodging        | |  3.2
Spellcasting   | |  2.0
Charms         | |  3.6

Action                   || total
-------------------------++-------
Melee: Unarmed           ||    67
       Bite              ||     4
 Cast: Infusion          ||    12
       Regeneration      ||     2
 Stab: Sleeping          ||     5
  Eat: Chunk             ||     7
Armor: Skin              ||     3
Dodge: Dodged            ||    34
